 Dungeon Crawl Stone Soup version 0.21.1-1-g345015fe64 (webtiles) character file.

124 Marvel the Skirmisher (level 5, -7/47 HPs)
             Began as a Hill Orc Abyssal Knight on Feb 18, 2018.
             Was a Believer of Lugonu.
             Mangled by Sigmund
             ... wielding a +0 scythe
              (13 damage)
             ... on level 3 of the Dungeon.
             The game lasted 00:07:43 (2465 turns).

Marvel the Skirmisher (Hill Orc Abyssal Knight)     Turns: 2465, Time: 00:07:44

Health: -7/47      AC:  3    Str: 16    XL:     5   Next: 8%
Magic:  7/7        EV: 11    Int: 12    God:    Lugonu [**....]
Gold:   68         SH:  0    Dex: 10    Spells: 4/4 levels left

rFire    . . .     SeeInvis .   i - +0 war axe
rCold    . . .     Gourm    .   (no shield)
rNeg     . . .     Faith    .   b - +0 leather armour
rPois    .         Spirit   .   (no helmet)
rElec    .         Reflect  .   (no cloak)
rCorr    .         Harm     .   (no gloves)
MR       .....                  (no boots)
Stlth    ..........             (no amulet)
HPRegen  0.15/turn              e - ring of loudness (curse)
MPRegen  0.10/turn              g - ring of wizardry

@: confused
A: no striking features
a: Depart the Abyss, Bend Space, Renounce Religion


You were on level 3 of the Dungeon.
You worshipped Lugonu.
Lugonu was pleased with you.
You were not hungry.

You visited 1 branch of the dungeon, and saw 3 of its levels.
You visited the Abyss 1 time.

You collected 68 gold pieces.

Inventory:

Hand Weapons
 a - a +1 hand axe
 i - a +0 war axe (weapon)
Armour
 b - a +0 leather armour (worn)
 k - a cursed +0 helmet
Jewellery
 e - a cursed ring of loudness (left hand)
 g - a ring of wizardry (right hand)
Scrolls
 d - 4 scrolls of teleportation
 h - 2 scrolls of identify
 j - 2 scrolls of fog
Potions
 f - a potion of curing
Comestibles
 c - 4 rations


   Skills:
 + Level 4.8 Fighting
 + Level 4.6 Axes
 + Level 2.6 Armour
 + Level 1.2 Dodging
 + Level 0.5 Stealth
 + Level 3.0 Invocations


You had 4 spell levels left.
You didn't know any spells.

Dungeon Overview and Level Annotations

Branches:
Dungeon (3/15)

Altars:
Vehumet

Annotations:
D:3 Jessica, Sigmund, Terence


Message History

You hit the jackal.
You kill the jackal!
Lugonu accepts your kill. Something completely misses you.
You see here a jackal corpse.
You barely miss something.
You hear some strange, mumbled words.
You are confused.
You're too confused to move!
You hear some strange, mumbled words.
You are more confused.
You're too confused to move!
You hear some strange, mumbled words.
A magic dart appears from out of thin air!
The magic dart hits you!
You completely miss something. Something hits you.
You miss something. Something hits you!
* * * LOW HITPOINT WARNING * * *
You bump into the rock wall.
Something hits you!
You die...

.. #. #.# ....... ... #.
#.###.....h. .. #.##
#.##{.......
#.#..###.##h#
#......)....#
####.###.##.# #######
#..##h##... .......
##.##{####.# #######
#..#@# .# #. ##.#.# # #.
#...# #. #######..# #.
........># ## ........)#
. .........# ########
.........#########.......
.................#.######


You could see a jackal.

Vanquished Creatures
  Robin (D:2)
  3 adders
  2 worms
  A dart slug (D:1)
  A leopard gecko (D:2)
  An orc (D:3)
  10 bats
  6 giant cockroaches (D:1)
  12 goblins
  11 hobgoblins
  4 jackals
  6 kobolds
  3 frilled lizards
  9 rats
70 creatures vanquished.

Notes
Turn   | Place    | Note
-------+----------+-------------------------------------------
     0 | Abyss:1  | Marvel the Hill Orc Abyssal Knight began the quest for the Orb.
     0 | Abyss:1  | Reached XP level 1. HP: 19/19 MP: 2/2
   109 | Abyss:1  | Noticed a sixfirhy
   111 | D:1      | Escaped the Abyss
   208 | D:1      | Reached XP level 2. HP: 22/27 MP: 4/4
   277 | D:1      | Reached * piety under Lugonu
   613 | D:1      | Reached XP level 3. HP: 34/34 MP: 5/5
   683 | D:1      | Reached skill level 1 in Dodging
  1179 | D:2      | Found a radiant altar of Vehumet.
  1188 | D:2      | Noticed Robin
  1188 | D:2      | Reached XP level 4. HP: 36/41 MP: 6/6
  1355 | D:2      | Reached ** piety under Lugonu
  1997 | D:3      | Noticed Jessica
  1997 | D:3      | Noticed Terence
  2104 | D:2      | Killed Robin
  2366 | D:3      | Reached XP level 5. HP: 42/47 MP: 7/7
  2438 | D:3      | Noticed Sigmund
  2465 | D:3      | Mangled by Sigmund

Skill      XL: |  1  2  3  4 |
---------------+-------------+-----
Fighting       | 4 |  4.8
Axes           | 3 4 |  4.6
Invocations    | 3 |  3.0
Dodging        | 1 |  1.2
Armour         | |  2.6
Stealth        | |  0.5

Action                   |  1- 3 |  4- 6 || total
-------------------------+-------+-------++-------
Melee: Hand axe          |    91 |    65 ||   156
       War axe           |       |    40 ||    40
Invok: Depart the Abyss  |     1 |       ||     1
  Use: Scroll            |       |     5 ||     5
       Potion            |       |     5 ||     5
  Eat: Chunk             |     1 |     1 ||     2
       Ration            |       |     1 ||     1
Armor: Leather armour    |    24 |    39 ||    63
Dodge: Dodged            |    78 |    68 ||   146
